FIQ, neutral male scurrid Tourist r FIQ the Rambler Experience level: 1 Strength: 11 Dexterity: 8 Constitution: 13 Intelligence: 16 Wisdom: 10 Charisma: 20 Health: 0(9) Energy: 2(2) Def: 0 Gold: 526 Moves: 112 Dungeon seed: Jr5q7kSCGtiNJhIL Game ID: FIQ_1498598183 Your Inventory: Coins $ - 526 gold pieces Weapons a - 48 uncursed rusty +2 darts (in quiver) Armor e - an uncursed +0 Hawaiian shirt (being worn) Comestibles b - 6 uncursed tripe rations c - an uncursed tin of jackal meat d - 3 uncursed food rations f - an uncursed apple m - 2 uncursed oranges Scrolls h - 4 uncursed scrolls of blank paper Potions g - 2 uncursed potions of water Wands k - an uncursed wand of secret door detection (0:11) Tools i - an uncursed expensive camera (0:66) j - an uncursed credit card l - an uncursed towel Spells and supernatural/magical abilities: Name Level Category Fail Memory W - pray for help -- divine ? -- Your skills at the end: Miscellaneous Skills wands [Basic] Weapon Skills dart [Basic] Spellcasting Skills Final Attributes: You were devoutly aligned. You had infravision. You were very stealthy. You were swallowed by a lurker above. You are dead. Voluntary challenges: You went without food. You did not adorn yourself with jewelry or accessories. You did not cause conflict. You were not invisible. You did not have reflection. You were not displaced. You were an atheist. You never hit with a wielded weapon. You were a pacifist. You did not use tools. You did not use plumbed fixtures. You did not drink any magical draughts. You were illiterate. You never genocided any monsters. You never polymorphed an object. You never changed form. You used no wishes. You never split a pudding. You never wrote Elbereth's name. You never violated your personal moral code. Dungeon overview: The Dungeons of Doom: levels 1 to 31 Level 1 a long staircase Level 2 Level 3 Level 4 Level 5 Level 6 Level 7 a fountain Level 8 Level 9 Level 10 Level 11 Level 12 Level 13 Level 14 Level 15 Level 16 Level 17 Level 18 Level 19 Level 20 Level 21 Level 22 Level 23 Level 24 Level 25 Level 26 Level 27 Level 28 Level 29 Level 30 Level 31 <- You were here History has recorded: On T:1 you entered the Dungeons of Doom to retrieve the Amulet of Yendor! On T:4 you reached level 2 of The Dungeons of Doom. On T:6 you reached level 3 of The Dungeons of Doom. On T:8 you reached level 4 of The Dungeons of Doom. On T:10 you reached level 5 of The Dungeons of Doom. On T:13 you reached level 6 of The Dungeons of Doom. On T:15 you reached level 7 of The Dungeons of Doom. On T:17 you reached level 8 of The Dungeons of Doom. On T:19 you reached level 9 of The Dungeons of Doom. On T:22 you reached level 10 of The Dungeons of Doom. On T:25 you reached level 11 of The Dungeons of Doom. On T:28 you reached level 12 of The Dungeons of Doom. On T:30 you reached level 13 of The Dungeons of Doom. On T:32 you reached level 14 of The Dungeons of Doom. On T:34 you reached level 15 of The Dungeons of Doom. On T:37 you reached level 16 of The Dungeons of Doom. On T:39 you reached level 17 of The Dungeons of Doom. On T:41 you reached level 18 of The Dungeons of Doom. On T:41 you entered the Rogue tribute level. On T:43 you reached level 19 of The Dungeons of Doom. On T:47 you reached level 20 of The Dungeons of Doom. On T:49 you reached level 21 of The Dungeons of Doom. On T:52 you reached level 22 of The Dungeons of Doom. On T:54 you reached level 23 of The Dungeons of Doom. On T:56 you reached level 24 of The Dungeons of Doom. On T:58 you reached level 25 of The Dungeons of Doom. On T:61 you reached level 26 of The Dungeons of Doom. On T:63 you reached level 27 of The Dungeons of Doom. On T:65 you reached level 28 of The Dungeons of Doom. On T:89 you reached level 29 of The Dungeons of Doom. On T:91 you reached level 30 of The Dungeons of Doom. On T:94 you reached The Castle. Score breakdown: Gold: 0 ( 0 points) Experience: 1 level ( 0 points) Exploration: 31 levels ( 900 points) Discoveries: 3 items ( 150 points) Variety of kills: 0 monsters ( 0 points) Major goal: (nothing yet) ( 0 points) Survival: died (score multiplied by 3) Total score: 3150 Latest messages: You are swallowed, and cannot go down. The lurker above thoroughly digests you! Aloha FIQ, the scurrid Tourist, welcome back to NetHack! What are you looking for? The exit? (3x) Something is hit. What are you looking for? The exit? (2x) The lurker above utterly digests you! You die... Final status: Aloha FIQ the Tourist, killed by a lurker above... You died in The Dungeons of Doom on dungeon level 31 with 3150 points, and 526 pieces of gold, after 112 moves. You were level 1 with a maximum of 9 hit points when you died.